 Dungeon Crawl Stone Soup version 0.27-a0-1378-gdefffd1ff6 (webtiles) character file.

Game seed: 14474376079480553955

358 pokeman the Magician (level 6, -4/34 HPs)
             Began as a Deep Elf Hedge Wizard on June 29, 2021.
             Slain by Crazy Yiuf (16 damage)
             ... on level 3 of the Dungeon.
             The game lasted 00:07:28 (3097 turns).

pokeman the Magician (Deep Elf Hedge Wizard)        Turns: 3097, Time: 00:07:29

Health: -4/34      AC:  5    Str:  7    XL:     6   Next: 37%
Magic:  12/18      EV: 12    Int: 21    God:
Gold:   127        SH:  0    Dex: 14    Spells: 8/19 levels left

rFire    . . .     SeeInvis .   b - +2 falchion (vorpal)
rCold    . . .     Faith    .   (no shield)
rNeg     . . .     Spirit   .   i - +0 leather armour
rPois    +         Reflect  .   e - +2 hat
rElec    .         Harm     .   (no cloak)
rCorr    .         Rampage  .   (no gloves)
Will     .....                  (no boots)
Stlth    ++........             l - amulet of magic regeneration
HPRegen  0.11/turn              m - ring of poison resistance
MPRegen  0.41/turn              (no ring)

@: very slightly contaminated
A: no striking features
a: no special abilities


You were on level 3 of the Dungeon.
You visited 1 branch of the dungeon, and saw 3 of its levels.

You collected 127 gold pieces.

Inventory:

Hand Weapons
 b - a +2 vorpal falchion (weapon)
Armour
 e - a +2 hat (worn)
 i - a +0 leather armour (worn)
Jewellery
 l - an amulet of magic regeneration (around neck)
 m - a ring of poison resistance (left hand)
Wands
 j - a wand of flame (9)
Scrolls
 a - a scroll of magic mapping {unknown}
 d - 2 scrolls of immolation {unknown}
Potions
 c - a potion of magic {unknown}
 f - 2 potions of brilliance {unknown}
 g - a potion of flight {unknown}
 h - a potion of lignification {unknown}
 k - a potion of curing {unknown}


   Skills:
 - Level 1.0 Fighting
 - Level 1.0 Armour
 + Level 3.7 Dodging
 - Level 2.4 Stealth
 * Level 7.0 Spellcasting
 + Level 3.2 Conjurations
 - Level 1.1 Summonings
 - Level 1.1 Translocations
 - Level 1.0 Fire Magic
 + Level 1.6 Air Magic


You had 8 spell levels left.
You knew the following spells:

 Your Spells              Type           Power      Damage    Failure   Level
a - Magic Dart            Conj           84%        1d7       3%          1
b - Mephitic Cloud        Conj/Pois/Air  14%        N/A       19%         3
c - Call Imp              Summ           12%        N/A       12%         2
d - Blink                 Tloc           N/A        N/A       12%         2
e - Conjure Flame         Conj/Fire      16%        6-21      16%         3

Your spell library contained the following spells:

 Spells                   Type           Power      Damage    Failure   Level
 Slow                     Hex            7%         N/A       19%         2


Dungeon Overview and Level Annotations

Branches:
Dungeon (3/15)

Altars:

Annotations:
D:3 Crazy Yiuf


Message History

Press: ? - help, Shift-Dir - straight line, f/p - orc wizard
Aim: an orc wizard, wielding a +0 dagger and wearing a +0 robe (almost dead, 100% to hit)
The magic dart hits the orc wizard.
You kill the orc wizard!
Unknown command.
Things that are here:
a +0 dagger; a +0 robe; a +2 vorpal falchion
b - a +2 vorpal falchion Your magical contamination has completely faded away.
b - a +2 vorpal falchion (weapon)
Drop what? 13/52 slots (_ for help) (? for menu, Esc to quit)
You drop a +0 dagger.
Things that are here:
a +0 flail; a +0 ring mail; an orc corpse You now have 127 gold pieces (gained 11).
a - a scroll labelled FIGHYO IVINI
Found a mace.
Found a runed translucent door.
As you open the door, it creaks loudly!
Casting: Magic Dart (safe; 3% risk of failure)
Confirm with . or Enter, or press ? or * to list all spells.
The spell is quite dangerous to cast (19% risk of failure)!
Continue anyway?
Aiming: Mephitic Cloud (quite dangerous; 19% risk of failure)
Press: ? - help, Shift-Dir - straight line, f - Crazy Yiuf
Aim: Crazy Yiuf, wielding a +4 quarterstaff of chaos and wearing a +0 cloak (chance to affect: 86%)
You miscast Mephitic Cloud.
You are very lightly contaminated with residual magic.
Nothing appears to happen.
Crazy Yiuf yells, "Rot leg ladder!"
Casting: Mephitic Cloud (quite dangerous; 19% risk of failure)
Confirm with . or Enter, or press ? or * to list all spells.
A metallic apparition takes form in the air.
Crazy Yiuf yells, "Iron pizzabubble poople!"
Crazy Yiuf hits you with a +4 quarterstaff of chaos!
You are electrocuted!
Unknown command.
Casting: Call Imp (safe; 12% risk of failure)
Confirm with . or Enter, or press ? or * to list all spells.
You blink.
Crazy Yiuf hits you with a +4 quarterstaff of chaos!
You die...

#.).....#
#..PP#
#......)#
##...# ##
#.......#
##.## >#
#.......#
##.#
.####.......#
#.##
.#..........#
##.#
.#.#.###....#
#ยง## (..#.#
###### ##g##
.###.########
#@5.#
...#........#
#...#
...########.#
#)..#
.#..........#
#####
.#####..##..#
.....#....#.#
..##.##.#.#.#
..##....#.#.#
......###.#.#


You could see Crazy Yiuf (ally target) and a friendly iron imp (summoned).

Vanquished Creatures
  Grinder (D:3)
  An orc wizard (D:3)
  2 adders (D:2)
  3 gnolls (D:2)
  2 dart slugs (D:1)
  9 orcs (D:3)
  5 endoplasms
  2 giant cockroaches
  4 goblins
  3 hobgoblins
  17 jackals
  5 kobolds
  4 quokkas (D:1)
  A ball python (D:1)
  A bat (D:1)
  7 rats
67 creatures vanquished.

Vanquished Creatures (others)
  2 fungi (D:1)
  4 toadstools (D:1)
6 creatures vanquished.

Grand Total: 73 creatures vanquished

Notes
Turn   | Place    | Note
-------+----------+-------------------------------------------
     0 | D:1      | pokeman the Deep Elf Hedge Wizard began the quest for the
                  | Orb.
     0 | D:1      | Reached XP level 1. HP: 10/10 MP: 7/7
   349 | D:1      | Reached XP level 2. HP: 13/16 MP: 4/9
   627 | D:1      | Found a faded altar of an unknown god.
   836 | D:1      | Reached skill level 5 in Spellcasting
  1086 | D:1      | Reached XP level 3. HP: 20/20 MP: 8/11
  1090 | D:1      | Learned a level 3 spell: Mephitic Cloud
  1093 | D:1      | Learned a level 2 spell: Call Imp
  1105 | D:1      | Learned a level 2 spell: Blink
  1109 | D:1      | Learned a level 3 spell: Conjure Flame
  1664 | D:2      | Reached skill level 1 in Fighting
  1664 | D:2      | Reached skill level 1 in Armour
  1933 | D:2      | Reached XP level 4. HP: 25/25 MP: 7/13
  2829 | D:3      | Reached skill level 1 in Fire Magic
  2892 | D:3      | Noticed Grinder
  2903 | D:3      | Paralysed by Grinder for 5 turns
  2917 | D:3      | Paralysed by Grinder for 3 turns
  2923 | D:3      | Killed Grinder
  2924 | D:3      | Reached skill level 6 in Spellcasting
  2924 | D:3      | Reached skill level 1 in Air Magic
  2924 | D:3      | Reached XP level 5. HP: 29/29 MP: 11/16
  2924 | D:3      | Reached XP level 6. HP: 34/34 MP: 11/17
  3031 | D:3      | Reached skill level 7 in Spellcasting
  3090 | D:3      | Found a runed translucent door.
  3091 | D:3      | Noticed Crazy Yiuf
  3097 | D:3      | Slain by Crazy Yiuf

Illustrated notes

Levels and vault maps discovered:
D:1:      scummos_arrival_checkerplants, layout_rooms,
          shapermc_ecumenical_altar_flowoftime, minmay_misc_feat_encased,
          minmay_gold_behind_fungi
D:2:      layout_basic
D:3:      layout_basic, minmay_overflow_temple_hex, serial_park_tiny_pond,
          grunt_ministairs_10, uniq_grinder, uniq_crazy_yiuf_cottage,
          uniq_sigmund

Skill      XL: |  1  2  3  4  5  6 |
---------------+-------------------+-----
Spellcasting   | 5 6 7 |  7.0
Fighting       | 1 |  1.0
Armour         | 1 |  1.0
Conjurations   | 2 3 |  3.2
Fire Magic     | 1 |  1.0
Dodging        | 3 |  3.7
Air Magic      | 1 |  1.6
Stealth        | |  2.4
Summonings     | |  1.1
Translocations | |  1.1

Action                   |  1- 3 |  4- 6 || total
-------------------------+-------+-------++-------
Melee: Dagger            |    38 |    14 ||    52
Throw: Throwing net      |       |     1 ||     1
 Cast: Magic Dart        |   118 |    78 ||   196
       Conjure Flame     |       |     2 ||     2
       Mephitic Cloud    |       |     1 ||     1
       Blink             |       |     1 ||     1
       Call Imp          |       |     1 ||     1
Evoke: Wand              |       |     7 ||     7
 Stab: Sleeping          |     1 |       ||     1
Armor: Robe              |    14 |       ||    14
       Leather armour    |       |     4 ||     4
Dodge: Dodged            |    39 |    19 ||    58

Table legend: (Time is in decaauts)
 A = Elapsed time spent in this place.
 B = Non-inter-level travel time spent in this place.
 C = Inter-level travel time spent in this place.
 D = Time resting spent in this place.
 E = Time spent auto-exploring this place.
 F = Levels seen in this place.
 G = Mean time per level.
                   A        B        C        D        E       F      G
               +--------+--------+--------+--------+--------+-----+--------+
         Total |   3095 |   3047 |     48 |     17 |   2504 |   3 | 1031.7 |
       Dungeon |   3095 |   3047 |     48 |     17 |   2504 |   3 | 1031.7 |
               +--------+--------+--------+--------+--------+-----+--------+

Top non-repeatable levels by time:
     D:1: 1658 daAuts
     D:2: 1098 daAuts
     D:3: 339 daAuts
